 Dungeon Crawl Stone Soup version 0.20.0-15-g7f486f2 (webtiles) character file.

411 vishdafish the Shield-Bearer (level 6, -3/39 HPs)
             Began as a Gargoyle Fighter on June 30, 2017.
             Killed by divine providence
             ... invoked by an orc priest
              (13 damage)
             ... on level 4 of the Dungeon.
             The game lasted 00:06:17 (3178 turns).

vishdafish the Shield-Bearer (Gargoyle Fighter)     Turns: 3178, Time: 00:06:17

Health: -3/39      AC: 11    Str: 21    XL:     6   Next: 90%
Magic:  6/6        EV:  7    Int:  8    God:
Gold:   116        SH: 10    Dex: 10    Spells: 5/5 levels left

rFire    . . .     SeeInvis .   a - +0 flail
rCold    . . .     Gourm    .   c - +0 shield
rNeg     + . .     Faith    .   b - +0 scale mail
rPois    ∞         Spirit   .   (no helmet)
rElec    +         Reflect  .   (no cloak)
rCorr    .         Harm     .   (no gloves)
MR       .....                  (no boots)
Stlth    ..........             (no amulet)
Regen    0.2/turn               (no ring)
MPRegen  0.1/turn               (no ring)

@: no status effects
A: negative energy resistance 1, electricity resistance, unbreathing,
petrification resistance, rot immunity, AC +4
a: no special abilities


You were on level 4 of the Dungeon.
You were not hungry.

You visited 1 branch of the dungeon, and saw 4 of its levels.
You also visited: Sewer.

You collected 116 gold pieces.

Inventory:

Hand Weapons
 a - a +0 flail (weapon)
Armour
 b - a +0 scale mail (worn)
 c - a +0 shield (worn)
Jewellery
 q - an uncursed ring of protection from cold {unknown}
 r - an uncursed ring of poison resistance {unknown}
Scrolls
 e - 3 scrolls of noise
 h - 2 scrolls of remove curse
 i - a scroll of teleportation {unknown}
 k - 3 scrolls of magic mapping {unknown}
 m - a scroll of fog {unknown}
 s - 2 scrolls of identify
 u - a scroll of enchant armour {unknown}
Potions
 d - a potion of mutation
 g - a potion of brilliance
 j - 3 potions of flight {unknown}
 o - a potion of might
 p - 2 potions of heal wounds
 t - a potion of agility {unknown}
Comestibles
 f - 3 bread rations
 l - 2 fruits
 n - 2 royal jellies


   Skills:
 + Level 4.6 Fighting
 * Level 3.8 Maces & Flails
 * Level 5.1 Armour
 - Level 0.1 Dodging
 * Level 5.2 Shields


You had 5 spell levels left.
You didn't know any spells.

Dungeon Overview and Level Annotations

Branches:
Dungeon (4/15)
 Temple: D:4-7

Altars:
Dithmenos
Elyvilon
Gozag


Innate Abilities, Weirdness & Mutations

You are resistant to torment.
Your stone body is resilient. (AC +4)
You are immune to poison.
You resist negative energy. (rN+)
You are resistant to electric shocks. (rElec)
You can survive without breathing.
You are immune to petrification.
You are immune to rotting.


Message History

The orc priest shouts! x2
An orc and an orc wizard come into view.
The orc wizard shouts!
The orc shouts!
The orc wizard casts a spell at you. The puff of flame hits you!
An orc comes into view. It is wielding a short sword.
The orc priest looks braver for a moment.
The orc hits you.
There is a stone staircase leading up here.
You thump the orc!
You kill the orc!
The orc priest invokes the aid of Beogh against you.
Beogh smites you!
The orc wizard looks braver for a moment.
The orc priest invokes the aid of Beogh against you.
Beogh smites you!
* * * LOW HITPOINT WARNING * * *
The orc priest invokes the aid of Beogh against you.
Beogh smites you!
You die...

.#.#.#.#.#.#.#.#.#.###
.#.#.#.#.#.#.#o#...#..
#.#.#.#.#.#.#o#.#.#.###
#.#.#.#.#.#o#o#.#.###
#.#.#.#.#.#.#.#.#..#
#.#.#.#.#.#.#.#.#.#
#.#.#o#.#.#.#.#..#
#.#.#.#.#.#[#.#.#
#@#.#.#.#.#.#....
#.#.#.#.#.#.#.#..##
#.#.#.#.#.#.#.#.....
#.#.#.#.#.#.#.#.#..##
#.#.#.#.#.#.#.#. #..#
..... ......### ..#
#.### ## #.# >. .. .# #


You could see 2 orc priests, an orc wizard and an orc.

Vanquished Creatures
  A big kobold (Sewer)
  2 orc wizards (D:3)
  Natasha (thrice) (D:2)
  Ijyb (D:4)
  A hound skeleton (D:3)
  5 adders
  A river rat (Sewer)
  2 oozes
  4 worms
  2 dart slugs
  3 leopard geckos
  7 orcs
  7 bats
  5 giant cockroaches
  11 hobgoblins
  9 jackals
  2 quokkas (D:2)
  A ball python (D:3)
  5 frilled lizards
  4 goblins
  13 kobolds
  8 rats
97 creatures vanquished.

Notes
Turn   | Place    | Note
-------+----------+-------------------------------------------
     0 | D:1      | vishdafish the Gargoyle Fighter began the quest for the Orb.
     0 | D:1      | Reached XP level 1. HP: 14/14 MP: 1/1
   128 | D:1      | Reached XP level 2. HP: 19/19 MP: 2/2
   371 | D:1      | Reached XP level 3. HP: 23/23 MP: 3/3
   629 | D:2      | Noticed Natasha
   651 | D:2      | Killed Natasha
   651 | D:2      | Reached XP level 4. HP: 6/29 MP: 4/4
   664 | D:2      | Noticed Natasha
   703 | D:2      | Killed Natasha
   870 | D:2      | Noticed Natasha
   888 | D:2      | Killed Natasha
   888 | D:2      | Reached XP level 5. HP: 9/33 MP: 5/5
  1332 | D:2      | Found a shadowy altar of Dithmenos.
  1526 | D:2      | Found an opulent altar of Gozag.
  2053 | D:3      | Found a glowing drain.
  2104 | Sewer    | Entered a sewer
  2202 | Sewer    | Noticed a big kobold
  2243 | Sewer    | Killed a big kobold
  2243 | Sewer    | Reached XP level 6. HP: 22/39 MP: 6/6
  2385 | Sewer    | Found a white marble altar of Elyvilon.
  2620 | D:3      | Reached skill level 5 in Armour
  2620 | D:3      | Reached skill level 5 in Shields
  2662 | D:3      | Found a white marble altar of Elyvilon.
  3126 | D:4      | Noticed Ijyb
  3145 | D:4      | Killed Ijyb
  3178 | D:4      | Killed from afar by an orc priest

Skill      XL: |  1  2  3  4  5  6 |
---------------+-------------------+-----
Shields        | 4 5 |  5.2
Armour         | 4 5 |  5.1
Fighting       | 4 |  4.6
Maces & Flails | 3 |  3.8
Dodging        | |  0.1

Action                   |  1- 3 |  4- 6 || total
-------------------------+-------+-------++-------
Melee: Flail             |   129 |   297 ||   426
  Use: Potion            |       |     3 ||     3
       Scroll            |       |     3 ||     3
  Eat: Chunk             |       |     8 ||     8
Armor: Scale mail        |    67 |   172 ||   239
Dodge: Dodged            |    53 |    93 ||   146
Block: Shield            |    78 |   142 ||   220
